 Dungeon Crawl Stone Soup version 0.22.1-2-g9c5b331383 (webtiles) character file.

62 Ihlosi the Ducker (level 4, 0/27 HPs)
             Began as a Kobold Gladiator on Dec 8, 2018.
             Killed from afar by Natasha (7 damage)
             ... with a magic dart
             ... on level 2 of the Dungeon.
             The game lasted 00:02:47 (974 turns).

Ihlosi the Ducker (Kobold Gladiator)                 Turns: 974, Time: 00:02:48

Health: 0/27       AC:  5    Str: 11    XL:     4   Next: 28%
Magic:  4/4        EV: 16    Int:  9    God:
Gold:   45         SH:  0    Dex: 17    Spells: 3/3 levels left

rFire    . . .     SeeInvis .   a - +0 long sword
rCold    . . .     Gourm    .   (shield restricted)
rNeg     . . .     Faith    .   b - +0 leather armour
rPois    .         Spirit   .   c - +0 helmet
rElec    .         Reflect  .   (no cloak)
rCorr    .         Harm     .   (no gloves)
MR       .....                  l - +0 pair of boots
Stlth    ++........             (no amulet)
HPRegen  0.09/turn              (no ring)
MPRegen  0.09/turn              (no ring)

@: no status effects
A: small, carnivore
a: no special abilities


You were on level 2 of the Dungeon.
You were very full.

You visited 1 branch of the dungeon, and saw 2 of its levels.

You collected 45 gold pieces.

Inventory:

Hand Weapons
 a - a +0 long sword (weapon)
Missiles
 d - 3 throwing nets (quivered)
Armour
 b - a +0 leather armour (worn)
 c - a +0 helmet (worn)
 l - a +0 pair of boots (worn)
 o - a +0 helmet
Scrolls
 e - 5 scrolls of identify {unknown}
 h - a scroll of teleportation {unknown}
 i - 2 scrolls of fog {unknown}
 j - a scroll of magic mapping {unknown}
 k - 2 scrolls of remove curse {unknown}
 n - a scroll of blinking {unknown}
Potions
 g - a potion of curing {unknown}
 m - a potion of agility {unknown}
 p - a potion of heal wounds {unknown}
Comestibles
 f - 5 rations


   Skills:
 * Level 2.8 Fighting
 + Level 2.9 Long Blades
 - Level 2.1 Throwing
 * Level 0.7 Armour
 * Level 4.4 Dodging
 * Level 1.6 Stealth


You had 3 spell levels left.
You didn't know any spells.
Your spell library was empty.

Dungeon Overview and Level Annotations

Branches:
Dungeon (2/15)

Altars:

Annotations:
D:2 Natasha


Innate Abilities, Weirdness & Mutations

You are small and have problems with some larger weapons.
You are carnivorous and can eat meat at any time.


Message History

You hit Natasha but do no damage.
Natasha is moderately wounded.
Natasha barely misses you.
The shadow imp hits you but does no damage.
The rat misses you.
Natasha mumbles some strange words.
You hit Natasha.
Natasha is moderately wounded.
The shadow imp hits you.
* * * LOW HITPOINT WARNING * * *
The rat bites you but does no damage. Natasha barely misses you.
The shadow imp hits you but does no damage.
Unknown command.
The rat bites you.
* * * LOW HITPOINT WARNING * * *
Natasha wildly gestures.
Natasha shimmers violently.
Natasha stares at you and mumbles some strange words.
The magic dart hits you!
You die...

## ##### ... .....
#..# ...... #..#
......####..# #
#......#..###.#
.#..5h.r.......##
.>....5!@.........
#?.........)......
###......#.######
#.........#
#.........#
#.........#
#.........#
###.......# ..
#.......# .....


You could see Natasha, a white imp, a shadow imp and a rat.

Vanquished Creatures
  2 adders (D:2)
  2 leopard geckos (D:2)
  A ball python (D:1)
  3 bats
  2 giant cockroaches (D:2)
  4 goblins
  2 hobgoblins
  9 jackals
  3 frilled lizards
  5 kobolds
  7 rats
40 creatures vanquished.

Notes
Turn   | Place    | Note
-------+----------+-------------------------------------------
     0 | D:1      | Ihlosi the Kobold Gladiator began the quest for the Orb.
     0 | D:1      | Reached XP level 1. HP: 12/12 MP: 1/1
   239 | D:1      | Reached XP level 2. HP: 16/17 MP: 2/2
   264 | D:1      | Reached skill level 4 in Dodging
   361 | D:1      | Reached XP level 3. HP: 17/22 MP: 3/3
   415 | D:1      | Reached skill level 1 in Stealth
   902 | D:2      | Reached XP level 4. HP: 27/27 MP: 4/4
   963 | D:2      | Noticed Natasha
   974 | D:2      | Killed from afar by Natasha

Skill      XL: |  1  2  3 |
---------------+----------+-----
Dodging        | 4 |  4.4
Stealth        | 1 |  1.6
Fighting       | |  2.8
Long Blades    | |  2.9
Throwing       | |  2.1
Armour         | |  0.7

Action                   |  1- 3 |  4- 6 || total
-------------------------+-------+-------++-------
Melee: Long sword        |    94 |    26 ||   120
 Stab: Distracted        |     1 |       ||     1
       Sleeping          |     1 |       ||     1
  Eat: Chunk             |     8 |       ||     8
Armor: Leather armour    |    17 |    11 ||    28
Dodge: Dodged            |   133 |    44 ||   177
       Rpst.: Long sword |    48 |    10 ||    58
